 Seeded DCSS version 0.30-a0-719-gcc4359ea44 (webtiles) character file.

Game seed: 5430720872467839093 (custom seed)

183 OTABOTABOTAB the Caller (level 5, -1/33 HPs)
             Began as an Octopode Summoner on Jan 27, 2023.
             Slain by an orc
             ... wielding a +0 whip
              (6 damage)
             ... on level 3 of the Dungeon.
             The game lasted 00:05:59 (2178 turns).

OTABOTABOTAB the Caller (Octopode Summoner)         Turns: 2178, Time: 00:06:00

Health: -1/33      AC:  1    Str: 13    XL:     5   Next: 62%
Magic:  0/10       EV: 13    Int: 19    God:
Gold:   1985       SH:  0    Dex: 13    Spells: 2/11 levels left

rFire   . . .      SeeInvis .    a - +0 dagger
rCold   + . .      Faith    .    (no shield)
rNeg    . . .      Spirit   .    (helmet restricted)
rPois   .          Reflect  .    (no amulet)
rElec   .          Harm     .    k - +6 ring of strength
rCorr   .          Rampage  .    C - ring of protection from cold {rC+, !d}
Will    .....                    (no ring)
Stlth   +++                      (no ring)
HPRegen 0.25/turn                (no ring)
MPRegen 0.12/turn                (no ring)
                                 (no ring)
                                 (no ring)

@: no status effects
A: almost no armour, amphibious, 8 rings, camouflage 1, gelatinous body 1,
(nimble swimmer 1), tentacles
a: no special abilities


You were on level 3 of the Dungeon.
You visited 1 branch of the dungeon, and saw 3 of its levels.

You collected 1985 gold pieces.

Inventory:

Hand Weapons
 a - a +0 dagger (weapon)
   (You took it off a kobold on level 1 of the Dungeon)
Missiles
 s - 16 stones
Jewellery
 k - a +6 ring of strength (left tentacle)
   (You found it on level 1 of the Dungeon)
 C - a ring of protection from cold (right tentacle) {rC+, !d}
   (You found it on level 2 of the Dungeon)
Scrolls
 b - a scroll of brand weapon {unknown}
 d - a scroll of torment {unknown}
 e - 3 scrolls of amnesia {unknown}
 f - a scroll of identify {unknown}
 g - a scroll of teleportation {unknown}
 j - a scroll of noise {unknown}
 m - a scroll of fog {unknown}
 n - a scroll of enchant armour {unknown}
 o - a scroll of immolation {unknown}
Potions
 c - a potion of mutation {unknown}
 h - a potion of attraction {unknown}
 i - 2 potions of curing {unknown}
 M - a potion of magic


   Skills:
 + Level 1.1 Fighting
 + Level 2.4 Dodging
 - Level 2.6 Stealth
 + Level 3.5 Spellcasting
 + Level 1.1 Hexes
 + Level 5.2 Summonings


You had 2 spell levels left.
You knew the following spells:

 Your Spells              Type           Power      Damage    Failure   Level
a - Summon Small Mammal   Summ           92%        N/A       1%          1
b - Call Canine Familiar  Summ           23%        N/A       4%          3
c - Call Imp              Summ           23%        N/A       2%          2
d - Summon Guardian Gole  Hex/Summ       15%        N/A       12%         3

Your spell library contained the following spells:

 Spells                   Type           Power      Damage    Failure   Level
 Summon Lightning Spire   Summ/Air       13%        N/A       45%         4
 Cause Fear               Hex            3%         N/A       67%         4
 Dragon Form              Tmut           1%         N/A       100%        7
 Dragon's Call            Summ           11%        N/A       100%        9


Dungeon Overview and Level Annotations

Branches:
Dungeon (3/15)

Altars:

Shops:
D:2 ?


Innate Abilities, Weirdness & Mutations

You cannot wear most types of armour.
You are amphibious.
You can wear up to eight rings at the same time.
Your skin changes colour to match your surroundings (Stealth+).
Your rubbery body absorbs attacks. (AC +1, EV +1)
((You are camouflaged when in or above water. (Stealth+)))
You have tentacles for arms and can constrict up to eight enemies at once.


Message History

The hobgoblin hits your guardian golem but does no damage.
Your quokka closely misses the orc.
The orc hits something but does no damage.
Something hits your guardian golem but does no damage.
You hit the hobgoblin. You grab the hobgoblin. You constrict the hobgoblin.
Your quokka barely misses the orc.
Something barely misses your hound. x2
The hobgoblin barely misses you.
Your quokka barely misses the orc priest.
The orc hits your hound with a +0 whip.
You hit the hobgoblin but do no damage. You constrict the hobgoblin.
Your hound bites the hobgoblin.
The hobgoblin dies!
Something closely misses your hound. Something grabs your hound.
Your hound is constricted.
Your quokka closely misses the orc.
Something hits your guardian golem but does no damage.
The orc hits your hound with a +0 whip.
Your hound bites the orc but does no damage.
Your Fighting skill increases to level 1!
Something bites your hound.
Your hound is constricted.
Your hound bites the orc.
Something barely misses your quokka. Something hits your guardian golem.
The orc hits your hound with a +0 whip.
Your hound dies!
Your hound's corpse disappears in a puff of smoke!
You don't have enough magic to cast this spell.
A beastly little devil appears in a puff of flame.
Your crimson imp disappears in a puff of smoke!
Your quokka bites the orc.
Something misses your quokka.
Something hits your guardian golem but does no damage.
You now have 0/10 mp.
Your quokka bites the orc priest.
Something hits your quokka.
Your crimson imp barely misses the orc.
Something barely misses your guardian golem.
Your quokka barely misses the orc priest.
The orc priest calls upon Beogh to heal the orc.
The orc's wounds heal themselves!
Something hits your quokka.
Something completely misses your guardian golem.
Your quokka bites the orc priest.
You hit the orc but do no damage. You grab the orc.
You constrict the orc, but do no damage.
Your quokka barely misses the orc priest.
The orc hits you with a +0 whip.
Your guardian golem overheats!
The orc priest misses your crimson imp.
Your crimson imp barely misses the orc priest.
Something barely misses your quokka.
Something hits your guardian golem but does no damage.
You take 5 damage, and have 14/33 hp.
You hit the orc but do no damage. You constrict the orc.
Your quokka barely misses the orc priest.
The orc hits you with a +0 whip.
The orc priest hits your crimson imp with a +0 club.
Flame seeps out of your guardian golem.
Your crimson imp hits the orc priest but does no damage.
Something misses your quokka.
Your guardian golem is engulfed in blazing flames.
Flame seeps out of your guardian golem.
You take 3 damage, and have 11/33 hp.
Unknown command.
You constrict the orc.
Your quokka bites the orc priest but does no damage.
The orc closely misses you.
The orc priest hits your crimson imp with a +0 club.
Flame seeps out of your guardian golem.
Your crimson imp barely misses the orc priest.
Something hits your quokka but does no damage.
Your guardian golem is engulfed in blazing flames.
Your guardian golem disappears in a puff of smoke!
The fiery explosion engulfs the hobgoblin!!!
The hobgoblin dies!
You feel a bit more experienced.
The fiery explosion engulfs your quokka!!!
Your quokka dies!
Your quokka's corpse disappears in a puff of smoke!
The fiery explosion engulfs the orc priest!!!
The orc priest dies!
Your Hexes skill increases to level 1!
You now have 0/10 mp.
You release your grip on the orc.
A ball python comes into view.
The adder bites you.
Your crimson imp blinks!
The adder completely misses you.
You take 1 damage, and have 10/33 hp.
You closely miss the adder. Your grab misses the adder. You squeeze the adder!
The adder bites you but does no damage. The orc completely misses you.
You miss the adder. Your grab misses the adder. The adder closely misses you.
The orc hits you with a +0 whip.
* * * LOW HITPOINT WARNING * * *
You take 6 damage, and have 4/33 hp.
You closely miss the adder. Your grab misses the adder.
The adder closely misses you. The orc misses you.
A rat comes into view.
Your crimson imp blinks!
You hit the adder. Your grab misses the adder. The adder misses you.
The ball python bites your quokka. The ball python grabs your quokka.
The ball python constricts your quokka. The adder closely misses you.
Your quokka bites the ball python.
The ball python dies!
The orc hits you with a +0 whip.
You die...

.......).# ...!.....#
<........# .....))g.#
.........##
.......(°.#####... #
.......<§§.......#..#
#.5....###.#####...##
####... #.So@r†.....
#### #####S.##r5# .##
.# .# .. .# ##


You could see an adder (ally target), an orc, a ball python, a rat, a friendly
crimson imp (summoned) and a friendly quokka (summoned).

Vanquished Creatures
  A ball python (D:1)
  A bat (D:1)
  4 endoplasms
  2 goblins (D:1)
  A hobgoblin (D:1)
  2 jackals (D:1)
  2 quokkas (D:1)
  3 kobolds
  A rat (D:1)
17 creatures vanquished.

Vanquished Creatures (collateral kills)
  A necrophage (D:2)
  An orc wizard (D:3)
  3 gnolls (D:2)
  An orc (D:3)
  2 bats (D:2)
  An endoplasm (D:2)
  2 goblins (D:2)
  2 hobgoblins
  2 jackals (D:1)
  2 kobolds (D:1)
  2 ball pythons
  A frilled lizard (D:2)
20 creatures vanquished.

Vanquished Creatures (others)
  An orc priest (D:3)
  An orc (D:3)
  A hobgoblin (D:3)
3 creatures vanquished.

Grand Total: 40 creatures vanquished

Notes
Turn   | Place    | Note
-------+----------+-------------------------------------------
     0 | D:1      | OTABOTABOTAB the Octopode Summoner began the quest for the
                  | Orb.
     0 | D:1      | Reached XP level 1. HP: 11/11 MP: 3/3
   145 | D:1      | Trevise: :(
   152 | D:1      | OTABOTABOTAB: HERE I GO AGAIN
   215 | D:1      | Reached XP level 2. HP: 12/17 MP: 1/5
   341 | D:1      | Learned a level 2 spell: Call Imp
   825 | D:1      | Reached XP level 3. HP: 20/21 MP: 7/7
   829 | D:1      | Learned a level 3 spell: Call Canine Familiar
  1235 | D:2      | Found Doddoiw's Magic Scroll Shoppe.
  1337 | D:2      | Noticed a necrophage
  1375 | D:2      | Killed a necrophage
  1376 | D:2      | Reached skill level 3 in Spellcasting
  1376 | D:2      | Reached XP level 4. HP: 27/27 MP: 1/8
  1380 | D:2      | Learned a level 3 spell: Summon Guardian Golem
  1549 | D:2      | Reached skill level 5 in Summonings
  1590 | D:2      | Reached XP level 5. HP: 32/32 MP: 6/10
  2110 | D:2      | Identified 4 scrolls of acquirement
  2110 | D:2      | Acquired a book of the Dragon
  2112 | D:2      | OTABOTABOTAB: ring or gold or hat, remember hat melds with
                  | transformations
  2112 | D:2      | Trevise: umm
  2112 | D:2      | Trevise: yikes
  2112 | D:2      | OTABOTABOTAB: yea lol i think ring
  2112 | D:2      | Trevise: slay?
  2112 | D:2      | OTABOTABOTAB: hat will meld :(
  2112 | D:2      | OTABOTABOTAB: i think
  2112 | D:2      | Trevise: hm
  2112 | D:2      | Trevise: ring is kinda bad
  2112 | D:2      | OTABOTABOTAB: yea it all melds
  2112 | D:2      | OTABOTABOTAB: gold it is!
  2112 | D:2      | Acquired 637 gold pieces
  2114 | D:2      | Trevise: take gold, buy ring
  2114 | D:2      | Trevise: yeah
  2114 | D:2      | Trevise: oof
  2114 | D:2      | Trevise: gold again?
  2114 | D:2      | OTABOTABOTAB: lol these are winner
  2114 | D:2      | OTABOTABOTAB: i could take trident and poke over my summons
  2114 | D:2      | Trevise: True
  2114 | D:2      | Trevise: that's not too bad
  2114 | D:2      | OTABOTABOTAB: but no
  2114 | D:2      | OTABOTABOTAB: this one has a +5 int sword i carry
  2114 | D:2      | Acquired 449 gold pieces
  2116 | D:2      | OTABOTABOTAB: lol k
  2116 | D:2      | Trevise: wow
  2116 | D:2      | Acquired 830 gold pieces
  2118 | D:2      | Trevise: gg
  2118 | D:2      | OTABOTABOTAB: yup lets gooo
  2167 | D:3      | Reached skill level 1 in Fighting
  2167 | D:3      | Trevise: okay going to go read with G then crash, I will be
                  | around tomorrow tho
  2174 | D:3      | Reached skill level 1 in Hexes
  2176 | D:3      | HP: 4/33 [orc/+0 whip (6)]
  2178 | D:3      | Slain by an orc

Illustrated notes

Levels and vault maps discovered:
D:1:      dpeg_arrival_boxes_within_box, layout_basic
D:2:      layout_loops_ring, serial_shops, shop, nicolae_kite_square_tiling_tiny
D:3:      layout_rooms, okawaru_metal_pillars_3, ebering_ecumenical_altar_rust

Skill      XL: |  1  2  3  4  5 |
---------------+----------------+-----
Spellcasting   | 3 |  3.5
Summonings     | 5 |  5.2
Fighting       | 1 |  1.1
Hexes          | 1 |  1.1
Dodging        | |  2.4
Stealth        | |  2.6

Action                     |  1- 3 |  4- 6 || total
---------------------------+-------+-------++-------
  Melee: Unarmed           |     5 |       ||     5
         Dagger            |    21 |    11 ||    32
         Tentacles         |     7 |     2 ||     9
         Constrict         |     5 |     3 ||     8
         Punch             |     2 |       ||     2
  Throw: Stone             |     3 |       ||     3
   Cast: Summon Small Mamm |    16 |     9 ||    25
         Call Canine Famil |     3 |     6 ||     9
         Call Imp          |     1 |     6 ||     7
         Summon Guardian G |       |     1 ||     1
    Use: Scroll            |       |     4 ||     4
   Stab: Sleeping          |     6 |       ||     6
 Armour: Skin              |     1 |     2 ||     3
  Dodge: Dodged            |    13 |    16 ||    29

Table legend: (Time is in decaauts)
 A = Elapsed time spent in this place.
 B = Non-inter-level travel time spent in this place.
 C = Inter-level travel time spent in this place.
 D = Time resting spent in this place.
 E = Time spent auto-exploring this place.
 F = Levels seen in this place.
 G = Mean time per level.
                   A        B        C        D        E       F      G
               +--------+--------+--------+--------+--------+-----+--------+
         Total |   2176 |   2071 |    105 |     45 |   1669 |   3 |  725.3 |
       Dungeon |   2176 |   2071 |    105 |     45 |   1669 |   3 |  725.3 |
               +--------+--------+--------+--------+--------+-----+--------+

Top non-repeatable levels by time:
     D:1: 1132 daAuts
     D:2: 1012 daAuts
     D:3: 31 daAuts

Table legend:
 A = Kills in this place as a percentage of kills in entire the game.
 B = Kills by you in this place as a percentage of kills by you in the entire game.
 C = Kills by friends in this place as a percentage of kills by friends in the entire game.
 D = Other kills in this place as a percentage of other kills in the entire game.
 E = Experience gained in this place as a percentage of experience gained in the entire game.
 F = Experience gained in this place divided by the number of levels of this place that you have seen.
                   A       B       C       D       E      F
               +-------+-------+-------+-------+-------+----------------------
         Total | 100.0 | 100.0 | 100.0 | 100.0 | 100.0 |  88.0
       Dungeon | 100.0 | 100.0 | 100.0 | 100.0 | 100.0 |  88.0
               +-------+-------+-------+-------+-------+----------------------
